 Dungeon Crawl Stone Soup version 0.29.1-15-g9cfb28693d (webtiles) character file.

Game seed: 4788427293475767612

76 ChadusMaximus the Covered (level 4, -14/41 HPs)
             Began as a Minotaur Fighter on Mar 27, 2023.
             Demolished by an orc
             ... wielding a +1 hand axe of electrocution
              (19 damage)
             ... on level 2 of the Dungeon.
             The game lasted 00:01:07 (2340 turns).

ChadusMaximus the Covered (Minotaur Fighter)        Turns: 2340, Time: 00:01:08

Health: -14/41     AC:  7    Str: 22    XL:     4   Next: 12%
Magic:  3/3        EV:  9    Int:  5    God:
Gold:   123        SH:  4    Dex: 10    Spells: 3/3 levels left

rFire   . . .      SeeInvis .   a - +0 war axe
rCold   . . .      Faith    .   c - +0 buckler
rNeg    . . .      Spirit   .   b - +0 scale mail
rPois   .          Reflect  .   (helmet restricted)
rElec   .          Harm     .   (no cloak)
rCorr   .          Rampage  .   (no gloves)
Will    .....                   (no boots)
Stlth   ..........              (no amulet)
HPRegen 0.13/turn               (no ring)
MPRegen 0.08/turn               (no ring)

@: no status effects
A: horns 2, retaliatory headbutt
a: no special abilities


You were on level 2 of the Dungeon.
You visited 1 branch of the dungeon, and saw 3 of its levels.

You collected 123 gold pieces.

Inventory:

Hand Weapons
 a - a +0 war axe (weapon)
Armour
 b - a +0 scale mail (worn)
 c - a +0 buckler (worn)
Jewellery
 j - a ring of magical power
Wands
 k - a wand of paralysis (11)
Scrolls
 f - a scroll of acquirement {unknown}
 g - a scroll of identify {unknown}
 i - a scroll of fear {unknown}
 l - a scroll of magic mapping {unknown}
 o - 2 scrolls of teleportation {unknown}
Potions
 d - 2 potions of might
 e - a potion of attraction {unknown}
 h - a potion of haste {unknown}
 m - 2 potions of curing {unknown}
 n - a potion of invisibility {unknown}
 p - a potion of ambrosia {unknown}


   Skills:
 + Level 4.3 Fighting
 + Level 3.3 Axes
 + Level 4.4 Armour
 + Level 4.3 Shields


You had 3 spell levels left.
You didn't know any spells.
Your spell library was empty.

Dungeon Overview and Level Annotations

Branches:
Dungeon (3/15)

Altars:
Trog


Innate Abilities, Weirdness & Mutations

You have a pair of horns on your head.
You reflexively headbutt those who attack you in melee.


Message History

A ball python is nearby!
You slash the ball python!
You kill the ball python!
Things that are here:
a +0 antimagic club; a +1 antimagic whip No target in view!
You see here a +2 antimagic whip.
No target in view!
You now have 123 gold pieces (gained 8). 2 orcs and an orc priest come into view.
An orc is wielding a +1 hand axe of electrocution.
The orc shouts!
The orc priest shouts!
The orc priest casts a cantrip, but nothing happens.
You see here an adder corpse.
A rat comes into view.
There are monsters nearby!
You slash the orc!
You kill the orc!
There are monsters nearby!
You hit the orc. Your headbutt misses the orc.
The orc is lightly wounded.
The orc hits you with a +1 hand axe of electrocution.
You are electrocuted!!
You are too injured to fight recklessly!
Unknown command.
You are too injured to fight recklessly!
You see here an adder corpse.
There is a stone staircase leading up here.
You block the orc's attack.
You climb upwards.
There is a stone staircase leading down here.
You closely miss the orc.
The orc is lightly wounded.
The orc hits you with a +1 hand axe of electrocution.
You are electrocuted!
* * * LOW HITPOINT WARNING * * *
The orc hits you with a +1 hand axe of electrocution.
* * * LOW HITPOINT WARNING * * *
You are electrocuted!!
You die...

#......####.........####.
###.......+.........'....
##...####.........####.
##..#####.......## ##
#.......##.....## #
#.#.###.###...## # #.#.#
#.# ##'## #
#.#.###.####.# #
#.#.o@.......#
#.#####.####.##
#.......###...#######
##########..........#
#[....####.##
#.#...>......
#.#.#.####.#. ##...##
#.#. ##.######.#.


You could see an orc.

Vanquished Creatures
  2 adders
  A gnoll (D:3)
  A dart slug (D:1)
  4 orcs
  4 endoplasms
  6 goblins
  7 hobgoblins
  4 kobolds
  2 quokkas
  2 ball pythons
  A bat (D:2)
  2 frilled lizards
  2 rats
38 creatures vanquished.

Notes
Turn   | Place    | Note
-------+----------+-------------------------------------------
     0 | D:1      | ChadusMaximus the Minotaur Fighter began the quest for the
                  | Orb.
     0 | D:1      | Reached XP level 1. HP: 19/19 MP: 0/0
    34 | D:1      | Found a faded altar of an unknown god.
   468 | D:1      | Reached XP level 2. HP: 22/27 MP: 1/1
  1488 | D:2      | Reached XP level 3. HP: 33/33 MP: 2/2
  2193 | D:3      | Found a bloodstained altar of Trog.
  2201 | D:3      | Reached XP level 4. HP: 25/41 MP: 0/3
  2340 | D:2      | Demolished by an orc

Illustrated notes

Levels and vault maps discovered:
D:1:      eino_arrival_cavern_b, layout_loops_ring,
          hellmonk_ecumenical_altar_pennies_from_heaven
D:2:      layout_loops_corners, kennysheep_donut, guppyfry_early_orc_mine
D:3:      layout_rooms, trog_antimagical

Skill      XL: |  1  2 |
---------------+-------+-----
Armour         | 4 |  4.4
Fighting       | 4 |  4.3
Shields        | 4 |  4.3
Axes           | 3 |  3.3

Action                   |  1- 3 |  4- 6 || total
-------------------------+-------+-------++-------
Melee: War axe           |    85 |     4 ||    89
       Headbutt          |     8 |       ||     8
Armor: Scale mail        |    38 |       ||    38
Dodge: Dodged            |    44 |       ||    44
Block: Buckler           |    17 |     1 ||    18
